 Dungeon Crawl Stone Soup version 0.30.0 (webtiles) character file.

Game seed: 7936382806682326559

235233 mdmota the Warrior (level 19, -1/102 HPs)
             Began as a Djinni Chaos Knight on Sept 5, 2023.
             Was a Plaything of Xom.
             Slain by a +4 lajatang of distortion (4 damage)
             ... on level 2 of the Elven Halls on Sept 7, 2023.
             The game lasted 04:45:24 (30614 turns).

mdmota the Warrior (Djinni Chaos Knight)           Turns: 30614, Time: 04:45:25

Health: -1/102     AC: 26    Str: 20    XL:     19   Next: 92%
Gold:   178        EV: 22    Int: 23    God:    Xom [.*....] SH: 20 Dex: 20

rFire   + + .        m - +7 eveningstar (protect)
rCold   x x .        O - +0 kite shield {AC+3}
rNeg    + . .        w - +10 scale mail of the Scribe {rPois Regen+ Dex+3 SInv}
rPois   ∞            Q - +1 hat
rElec   +            B - +1 cloak of the Crushed Lies {Str+5}
rCorr   .            o - +2 pair of gloves {Dex+3}
SInv    +            (boots unavailable)
Will    ++...        N - amulet "Ruchie" {Rampage *Slow Will+ Regen+}
Stlth   ++           X - ring "Bimnoetuo" {rElec rPois rN+ Int+4}
HPRegen 1.97/turn    j - +5 ring of evasion
MPRegen 0.00/turn

%: random rage (9%), slow self (1%), rampage, infuse magic (-2 HP)
@: flying, hasted, studying Stealth, very quick
A: sickness immunity, fire resistance 2, cold vulnerability 2, float, innate
caster, HP casting, extra vitality 1, horns 1, iridescent scales 1, large bone
plates 2, mutation resistance 1, strong 1, berserk 1[+1], [deformed body],
[frail 3]
}: 2/15 runes: barnacled, abyssal
a: Renounce Religion


You were on level 2 of the Elven Halls.
You worshipped Xom.
You were a plaything of Xom.
You visited 8 branches of the dungeon, and saw 32 of its levels.
You visited the Abyss 1 time.
You also visited: Sewer and Ice Cave.

You collected 3456 gold pieces.
You spent 3278 gold pieces at shops.

Inventory:

Hand Weapons
 d - the +2 flail "Vucuiq" {freeze, Will+ Str+5}
   (You found it on level 4 of the Shoals)

   Str:       It affects your strength (+5).
   Will:      It increases your willpower.
 m - a +7 eveningstar of protection (weapon)
Missiles
 g - 39 poisoned darts
 C - 15 javelins
 I - 8 silver boomerangs
 P - 4 silver javelins
Armour
 o - a +2 pair of gloves of dexterity (worn)
 w - the +10 scale mail of the Scribe (worn) {rPois Regen+ Dex+3 SInv}
   (You bought it in a shop on level 1 of the Shoals)

   Dex:       It affects your dexterity (+3).
   rPois:     It protects you from poison.
   SInv:      It lets you see invisible.
   Regen:     It increases your rate of health regeneration.
 B - the +1 cloak of the Crushed Lies (worn) {Str+5}
   (You found it on level 4 of the Shoals)

   Str:       It affects your strength (+5).
 O - a +0 kite shield of protection (worn)
 Q - a +1 hat (worn)
Magical Staves
 E - a staff of cold
Jewellery
 j - a +5 ring of evasion (right hand)
 t - a ring of see invisible
 y - an amulet of reflection
 z - a ring of positive energy
 M - a ring of ice
 N - the amulet "Ruchie" (around neck) {Rampage *Slow Will+ Regen+}
   (You bought it in a shop on level 11 of the Dungeon)

   [amulet of regeneration]

   Regen:     It increases your rate of health regeneration.
   *Slow:     It may slow you when you take damage.
   Rampage:   It bestows one free step when moving towards enemies.
   Will:      It increases your willpower.
 R - a ring of protection from cold
 X - the ring "Bimnoetuo" (left hand) {rElec rPois rN+ Int+4}
   (You bought it in a shop on level 11 of the Dungeon)

   [ring of poison resistance]

   Int:       It affects your intelligence (+4).
   rElec:     It insulates you from electricity.
   rPois:     It protects you from poison.
   rN:        It protects you from negative energy.
Wands
 b - a wand of flame (44)
 n - a wand of light (22)
 q - a wand of digging (7)
 r - a wand of paralysis (4)
 v - a wand of iceblast (52)
 G - a wand of polymorph (4)
Scrolls
 e - 5 scrolls of immolation
 k - 4 scrolls of brand weapon
 p - 7 scrolls of vulnerability
 u - 6 scrolls of fear (quivered)
 x - 2 scrolls of enchant armour
 A - 3 scrolls of magic mapping
 D - 7 scrolls of poison
 F - 4 scrolls of fog
 H - a scroll of acquirement
 J - a scroll of butterflies
 U - 2 scrolls of silence
 Z - 3 scrolls of torment
Potions
 f - 9 potions of curing
 i - 3 potions of lignification
 s - 3 potions of might
 L - 2 potions of brilliance
 T - 2 potions of berserk rage
 Y - 3 potions of cancellation
Miscellaneous
 a - a lightning rod (inert)
 c - a piece from Xom's chessboard (15/15)
 K - a phantom mirror (inert)
 S - a box of beasts (inert)
 W - a phial of floods


   Skills:
 * Level 16.6 Fighting
 - Level 2.9(8.1) Axes
 + Level 11.8(12.0) Maces & Flails
 + Level 1.2 Throwing
 + Level 7.0 Armour
 + Level 13.1 Dodging
 + Level 4.9 Stealth
 + Level 13.5 Shields
 * Level 16.1 Spellcasting
 + Level 0.3 Evocations


You knew the following spells:

 Your Spells              Type           Power      Damage    Failure   Level
a - Freeze                Ice            100%       1d10      0%          1
b - Passwall              Tmut/Erth      62%        N/A       1%          2
c - Call Canine Familiar  Summ           75%        N/A       1%          3
d - Hailstorm             Conj/Ice       75%        3d15      1%          3
e - Anguish               Hex/Necr       37%        N/A       1%          4
f - Metabolic Englaciati  Hex/Ice        37%        N/A       1%          5
g - Simulacrum            Ice/Necr       37%        N/A       2%          6
h - Enfeeble              Hex            37%        N/A       14%         7
i - Dispersal             Tloc           37%        N/A       2%          6
Your spell library was empty.

Dungeon Overview and Level Annotations

Branches:
Dungeon (15/15)            Temple (1/1) D:7            Lair (5/5) D:11
 Shoals (4/4) Lair:2       Spider (2/4) Lair:3        Slime (0/5) Lair:5
    Orc (2/2) D:10            Elf (2/3) Orc:2        Vaults (1/5) D:14
 Depths (0/4) D:15          Sewer (visited)           IceCv (visited)

Altars:
Cheibriados
Elyvilon
Fedhas
Gozag
Hepliaklqana
Makhleb
Nemelex Xobeh
Okawaru
Qazlal
Ru
Trog
Uskayaw
Xom
Zin
The Shining One
Jiyva

Shops:
D:1 :   D:8 (   D:11 *==:   D:13 [(!   D:14 *   Orc:1 ?   Orc:2 :[*?   Elf:1 =
Shoals:1 [   Shoals:2 [*(*[

Portals:
Hell: Lair:5
Abyss: D:7
Pandemonium: Orc:2

Annotations:
Lair:3 Agnes
Spider:2 Donald; Frances
Elf:1 3 runed translucent doors, BigFatTexta's ghost, adept GrFi


Innate Abilities, Weirdness & Mutations

You are immune to sickness and miasma.
You are immune to poison.
Your flesh is very heat resistant. (rF++)
You are very vulnerable to cold. (rC--)
You float through the air rather than walking.
You learn spells naturally, not from books.
Your magical power is your life essence.
You have superior vitality. (+4 MHP)
You have a pair of small horns on your head.
You are partially covered in iridescent scales. (AC +2)
You are mostly covered in large bone plates. (SH +6)
You are somewhat resistant to further mutation.
Your muscles are strong. (Str +4, Int/Dex -1)
[You have an uncontrollable temper.]
[Armour fits poorly on your strangely shaped body.]
[You are extremely frail. (-30% HP)]


Message History

The hell knight shouts!
Your warg barely misses the thrashing horror.
You pass through the gate.
Welcome back to the Elven Halls!
You recover from your berserk rage.
Xom decides to rearrange the pieces.
You swap places with the +2 dire flail of distortion.
Some monsters swap places.
You block the +4 lajatang of distortion's attack.
Things that are here:
a +0 leather armour; a +0 rapier The +2 dire flail of distortion attacks as you move away!
You block the +2 dire flail of distortion's attack.
Items here: )))) [.
The +4 lajatang of distortion misses you.
Things that are here:
a +0 chain mail; a +0 long sword
Casting: Enfeeble (quite dangerous; 14% risk of failure)
Confirm with . or Enter, or press ? or * to list all spells.
The +4 lajatang of distortion hits you!!
* * * LOW HITPOINT WARNING * * *
You blink.
You feel better.
You block the +2 dire flail of distortion's attack.
The +4 lajatang of distortion attacks as you move away!
You block the +4 lajatang of distortion's attack.
The +2 dire flail of distortion attacks as you move away!
The +2 dire flail of distortion barely misses you.
The +4 lajatang of distortion attacks as you move away!
The +4 lajatang of distortion hits you but does no damage.
Space warps horribly around you!
* * * LOW HITPOINT WARNING * * *
A +0 falchion comes into view.
The +2 dire flail of distortion hits you but does no damage.
You blink.
The +0 falchion moves out of view.
You swap places.
The +4 lajatang of distortion hits you!
* * * LOW HITPOINT WARNING * * *
Space warps around you.
You die...
Xom is highly amused!

*#.........## ##..##
#...........# #.##
*#...#####...## #.#
*...##...##...# #.#
*...#.....#...# #)#
*...#.....#...# #.#
*,,.#.....#...# #.#
****(,,*#...##h..###.#
*,,,....##'##((@[##..#
*,**#...........))[.##
*,,,..##.....########
*******#######


You could see 2 dancing weapons and a friendly warg (summoned).

Vanquished Creatures
  Nikola (Shoals:2)
  A deep elf blademaster (Elf:2)
  3 krakens
  A kraken (shapeshifter) (Shoals:2)
  Polyphemus (Shoals:1)
  A tentacled starspawn (Abyss:3)
  Ilsuiw (Shoals:2)
  A nagaraja (Abyss:3)
  An emperor scorpion (Spider:1)
  An orc warlord (Orc:1)
  A quicksilver ooze (Lair:2)
  A broodmother (Spider:1)
  A stone giant (D:15)
  A deep elf demonologist (Elf:2)
  Azrael (D:14)
  A spark wasp (Spider:1)
  3 deep elf death magi
  A fire dragon (D:15)
  3 merfolk impalers
  2 merfolk javelineers
  Josephine (D:10)
  An entropy weaver (Abyss:3)
  A deep elf high priest (Elf:1)
  2 yaktaur captains
  3 hydras
  Harold (D:11)
  3 merfolk avatars
  3 demonspawn
  An ogre mage (D:15)
  2 catoblepae
  A death knight (D:14)
  A satyr (Abyss:3)
  A centaur warrior (D:14)
  2 alligator snapping turtles
  5 two-headed ogres
  12 dancing weapons
  A tengu warrior (D:14)
  An alligator (Orc:1)
  4 death yaks (Shoals:1)
  A thrashing horror (Abyss:3)
  2 orc high priests
  The ghost of BigFatTexta the Cleaver, a novice MiBe of Trog (D:7)
  A sun demon (Lair:5)
  4 deep elf knights
  6 skysharks
  7 sea snakes
  A sixfirhy (Abyss:3)
  6 skeletal warriors
  A fire crab (Elf:1)
  2 deep trolls (Vaults:1)
  3 wretched stars (Abyss:3)
  3 deep elf archers
  2 wizards
  8 harpies
  A steelbarb worm (Spider:1)
  2 ironbound convokers (Vaults:1)
  15 deep elf pyromancers
  A necromancer (Vaults:1)
  3 orc knights (Orc:2)
  12 deep elf zephyrmancers
  2 lindwurms (Vaults:1)
  A phantasmal warrior (Abyss:3)
  9 orc sorcerers
  4 ugly things
  2 wolf spiders
  A salamander (D:11)
  5 fauns
  2 cyclopes
  7 manticores
  A black mamba (Lair:3)
  A moth of wrath (shapeshifter) (Orc:2)
  3 slime creatures
  6 merfolk sirens
  2 apocalypse crabs (Abyss:3)
  A vault sentinel (Vaults:1)
  7 water nymphs
  An ice statue (IceCv)
  2 demonic crawlers (Spider:1)
  An elephant (Lair:5)
  A smoke demon (Abyss:3)
  3 orange demons
  A gargoyle (D:12)
  Maggie (D:8)
  7 cane toads
  An unseen horror (D:13)
  4 rime drakes
  3 komodo dragons
  2 freezing wraiths
  3 yaktaurs
  2 ice devils
  A red devil (Lair:5)
  An ancient zyme (D:7)
  20 merfolk
  A queen bee (D:12)
  2 hellwings
  6 trolls
  A polar bear (Lair:5)
  A polar bear (shapeshifter) (D:11)
  4 meliai
  2 wind drakes
  2 tarantellas
  A snapping turtle (Shoals:3)
  7 blink frogs (Lair:5)
  A raiju (Abyss:3)
  4 dream sheep (Lair:3)
  5 culicivoras
  8 jumping spiders (Spider:1)
  2 shadows
  A centaur simulacrum (D:14)
  10 wraiths
  An air elemental (Elf:1)
  5 water elementals
  4 wyverns
  A vampire (D:13)
  6 fire elementals
  A hog (shapeshifter) (D:12)
  2 fire bats (Orc:1)
  4 basilisks
  A neqoxec (Abyss:3)
  40 yaks
  2 steam dragons
  2 death yak simulacra (IceCv)
  12 vampire mosquitoes
  5 redbacks
  3 chaos spawn
  4 wargs
  A harpy simulacrum (Abyss:3)
  A two-headed ogre zombie (D:10)
  An acid dragon (D:11)
  6 water moccasins
  A floating eye (D:9)
  6 hell hounds
  33 orc warriors
  A swamp drake (D:5)
  A black bear (shapeshifter) (D:12)
  3 ice beasts
  4 small abominations
  3 black bears
  4 ogres
  16 centaurs
  3 boggarts (D:14)
  16 wolves
  10 starcursed masses (Abyss:3)
  3 phantoms
  Blork the orc (D:4)
  6 kobold brigands
  12 bullfrogs
  2 gnoll sergeants
  2 scorpions (D:5)
  10 wights
  A troll zombie (D:10)
  15 killer bees
  3 howler monkeys
  8 electric eels
  5 hounds
  2 quasits
  A jelly (D:6)
  16 orc priests
  A gnoll bouda (D:5)
  Terence (D:2)
  5 hell rats
  2 iguanas
  2 sleepcaps
  18 orc wizards
  A polar bear simulacrum (IceCv)
  2 wolf simulacra (IceCv)
  2 ogre zombies (D:10)
  22 gnolls
  11 adders
  2 white imps
  An ufetubus (D:5)
  3 worms
  5 dart slugs
  70 orcs
  9 ball pythons
  6 endoplasms
  6 giant cockroaches
  7 goblins
  4 hobgoblins
  6 jackals
  5 quokkas
  2 bats (D:2)
  11 frilled lizards
  3 goblin skeletons (D:10)
  A goblin zombie (D:10)
  A hobgoblin zombie (D:10)
  13 kobolds
  An orc skeleton (D:10)
  7 orc zombies (D:10)
  A rat (D:2)
  2 briar patches (Abyss:3)
  4 tentacles (Shoals:2)
848 creatures vanquished.

Vanquished Creatures (collateral kills)
  2 tentacled starspawn (Abyss:3)
  A thorn hunter (Abyss:3)
  Roxanne (Spider:1)
  Louise (Spider:1)
  2 ironbound preservers (Vaults:1)
  A broodmother (Spider:1)
  A deep elf demonologist (Elf:1)
  Nessos (D:13)
  2 merfolk javelineers (Shoals:4)
  5 merfolk impalers (Shoals:4)
  A great orb of eyes (Vaults:1)
  A catoblepas (Lair:5)
  3 hydras
  A merfolk avatar (Shoals:4)
  An alligator snapping turtle (Shoals:3)
  3 merfolk aquamancers (Shoals:4)
  A boulder beetle (Spider:1)
  A two-headed ogre (D:15)
  A satyr (Shoals:4)
  A thrashing horror (Abyss:3)
  3 deep elf knights (Elf:2)
  5 skysharks
  A shadow demon (Abyss:3)
  4 orb spiders
  2 sea snakes (Shoals:4)
  A swamp dragon (Abyss:3)
  3 deep elf archers
  An orc knight (Orc:2)
  A lindwurm (Vaults:1)
  2 deep elf zephyrmancers
  4 harpies
  An ironbound convoker (Vaults:1)
  An orc sorcerer (Orc:2)
  6 wolf spiders (Spider:1)
  An ugly thing (D:14)
  2 fauns (Shoals:3)
  7 manticores
  A moth of wrath (Spider:2)
  2 large abominations (Abyss:3)
  3 black mambas
  2 elephants (Lair:5)
  3 torpor snails (Spider:1)
  5 merfolk sirens
  A guardian serpent (Abyss:3)
  2 vault sentinels (Vaults:1)
  2 water nymphs (Shoals:4)
  An orange demon (Lair:5)
  3 demonic crawlers (Spider:1)
  2 rime drakes
  2 cane toads (Lair:5)
  2 komodo dragons (Lair:5)
  A red devil (Lair:5)
  15 merfolk
  A meliai (D:13)
  A troll (D:9)
  5 tarantellas
  2 wind drakes (Shoals:4)
  5 snapping turtles (Shoals:4)
  2 dream sheep (Lair:3)
  8 blink frogs (Lair:5)
  10 jumping spiders (Spider:1)
  5 slime creatures
  A spriggan (Lair:5)
  2 culicivoras
  A fire elemental (D:14)
  7 water elementals (Shoals:4)
  A human (shapeshifter) (Elf:1)
  A wyvern (Lair:3)
  8 yaks
  7 redbacks
  2 vampire mosquitoes
  A warg (Orc:2)
  4 water moccasins
  A hell hound (Lair:5)
  5 orc warriors
  A black bear (D:11)
  2 boggarts (D:14)
  2 centaurs
  5 ogres
  10 wolves
  A kobold brigand (D:4)
  A bullfrog (Lair:1)
  A gnoll sergeant (D:9)
  3 wights
  2 killer bees (D:12)
  An elephant simulacrum (IceCv)
  4 orc priests (Orc:2)
  An iron imp (Abyss:3)
  2 starcursed masses (Abyss:3)
  2 orc wizards
  4 ogre zombies (D:10)
  3 gnolls
  A shadow imp (D:6)
  A white imp (D:5)
  A worm (D:5)
  16 orcs
  A jackal (D:5)
  A goblin skeleton (D:10)
  A goblin zombie (D:10)
  A hobgoblin skeleton (D:10)
  2 hobgoblin zombies (D:10)
  A kobold (D:4)
  An orc skeleton (D:10)
  6 orc zombies (D:10)
  A briar patch (Abyss:3)
  4 bushes (Lair:5)
  A lurking horror (Abyss:3)
  2 plants (Lair:5)
  A starspawn tentacle (Abyss:3)
290 creatures vanquished.

Vanquished Creatures (others)
  An orc warlord (Orc:1)
  The ghost of fugger the Cleaver, a journeyman MiBe of Trog (D:10)
  A merfolk aquamancer (Shoals:4)
  Urug (D:11)
  A sea snake (Shoals:1)
  An orc sorcerer (Elf:2)
  Joseph (D:10)
  A freezing wraith (IceCv)
  A komodo dragon (Lair:5)
  A merfolk (Shoals:2)
  3 tarantellas
  A yak (D:10)
  A shadow (D:10)
  A water elemental (Elf:1)
  An orc warrior (Orc:2)
  A kobold brigand (D:14)
  A wight (D:5)
  A hell rat (Lair:4)
  2 kobolds (D:14)
  An orc zombie (Orc:2)
  A briar patch (Abyss:3)
  30 fungi
  150 plants
  9 starspawn tentacles (Abyss:3)
  49 tentacles
  4 withered plants (D:3)
266 creatures vanquished.

Grand Total: 1404 creatures vanquished

Notes
Turn   | Place    | Note
-------+----------+-------------------------------------------
     0 | D:1      | mdmota the Djinni Chaos Knight began the quest for the Orb.
     0 | D:1      | Reached XP level 1. HP: 20/20 MP: 0/0
    79 | D:2      | Reached XP level 2. HP: 25/25 MP: 0/0
   101 | D:2      | XOM: silly message
   103 | D:2      | Reached XP level 3. HP: 18/30 MP: 0/0
   103 | D:2      | Learned a level 1 spell: Freeze
   112 | D:2      | XOM: silly message
   132 | D:1      | Found Toskamar's Vocational Training.
   323 | D:1      | XOM: silly message
   524 | D:1      | XOM: give mutations
   524 | D:1      | Gained mutation: Your muscles are strong. (Str +4, Int/Dex
                  | -1) [Xom's mischief]
   524 | D:1      | Gained mutation: [You sometimes lose your temper in
                  | combat.] [Xom's mischief]
   601 | D:1      | Reached XP level 4. HP: 37/37 MP: 0/0
   805 | D:2      | Noticed Terence
   815 | D:2      | Killed Terence
   819 | D:2      | Reached XP level 5. HP: 21/41 MP: 0/0
   819 | D:2      | Learned a level 2 spell: Passwall
   928 | D:2      | Reached skill level 1 in Spellcasting
  1275 | D:3      | Found a glowing drain.
  1308 | Sewer    | Entered a sewer
  1369 | Sewer    | Noticed a bullfrog
  1369 | Sewer    | XOM: swap monsters
  1370 | Sewer    | Noticed a bullfrog
  1377 | Sewer    | XOM: confusion
  1378 | Sewer    | Killed a bullfrog
  1379 | Sewer    | Reached XP level 6. HP: 43/47 MP: 0/0
  1387 | Sewer    | XOM: potion effect (heal wounds)
  1680 | D:3      | XOM: divination: detect creatures
  1900 | D:3      | Found a faded altar of an unknown god.
  2508 | D:4      | Noticed Blork the orc
  2520 | D:5      | Entered Level 5 of the Dungeon
  2558 | D:4      | XOM: enchant monster (good)
  2585 | D:5      | Noticed a black bear
  2594 | D:5      | Killed a black bear
  2595 | D:5      | Reached XP level 7. HP: 49/53 MP: 0/0
  2595 | D:5      | Learned a level 3 spell: Call Canine Familiar
  2612 | D:5      | Noticed a wraith
  2615 | D:5      | XOM: summons 4 friendly demons
  2630 | D:5      | XOM: summons 1 hostile shadow creature
  2666 | D:4      | XOM: fog
  2681 | D:4      | Killed Blork the orc
  2704 | D:4      | XOM: god gift: chain mail {god gift}
  2926 | D:4      | XOM: 1-stop teleportation journey
  3114 | D:4      | XOM: scenery: summon butterflies
  3127 | D:4      | XOM: give mutations
  3127 | D:4      | Gained mutation: You are clumsy. (Dex -2) [Xom's mischief]
  3127 | D:4      | Gained mutation: Your spells are a little easier to cast,
                  | but a little less powerful. [Xom's mischief]
  3129 | D:4      | XOM: stat loss: -1 Dex (9/10)
  3142 | D:4      | XOM: summons 5 friendly demons
  3146 | D:4      | Reached skill level 5 in Fighting
  3258 | D:4      | Reached XP level 8. HP: 51/59 MP: 0/0
  3358 | D:4      | XOM: give mutations
  3358 | D:4      | Gained mutation: [You have an uncontrollable temper.]
                  | [Xom's mischief]
  3358 | D:4      | Gained mutation: You are partially covered in large bone
                  | plates. (SH +4) [Xom's mischief]
  3358 | D:4      | Gained mutation: Your muscles are very strong. (Str +8,
                  | Int/Dex -2) [Xom's mischief]
  3379 | D:4      | XOM: silly message
  3561 | D:5      | XOM: blink monster(s)
  3809 | D:5      | XOM: polymorph scorpion -> swamp drake
  3818 | D:5      | Reached skill level 1 in Stealth
  3931 | D:5      | Found a stormy altar of Qazlal.
  4110 | D:5      | XOM: fog
  4157 | D:5      | XOM: enchant monster (bad)
  4306 | D:6      | XOM: 2-stop teleportation journey
  4308 | D:6      | XOM: polymorph iguana -> ice beast
  4314 | D:6      | Reached XP level 9. HP: 39/66 MP: 0/0
  4314 | D:6      | Learned a level 3 spell: Hailstorm
  4532 | D:6      | Reached skill level 1 in Axes
  4847 | D:5      | XOM: chaos cloud
  4957 | D:5      | Lost mutation: You are clumsy. (Dex -2) [potion of
                  | mutation]
  4957 | D:5      | Lost mutation: Your muscles are very strong. (Str +8,
                  | Int/Dex -2) [potion of mutation]
  4957 | D:5      | Gained mutation: You are very vulnerable to cold. (rC--)
                  | [potion of mutation]
  4957 | D:5      | Lost mutation: Your spells are a little easier to cast, but
                  | a little less powerful. [potion of mutation]
  5125 | D:5      | XOM: scenery: 1 doors close
  5150 | D:6      | Reached skill level 5 in Dodging
  5216 | D:6      | XOM: 2-stop teleportation journey
  5271 | D:6      | Reached skill level 1 in Shields
  5282 | D:6      | Found a sacrificial altar of Ru.
  5374 | D:6      | XOM: summons friendly white imp
  5417 | D:6      | XOM: divination: detect items
  5687 | D:7      | Found a one-way gate to the infinite horrors of the Abyss.
  5687 | D:7      | Noticed BigFatTexta's ghost (novice MiBe)
  5687 | D:7      | Noticed an ancient zyme
  5696 | D:7      | Reached skill level 5 in Spellcasting
  5858 | D:7      | Found a transporter.
  5951 | D:7      | Found a staircase to the Ecumenical Temple.
  5957 | Temple   | Entered the Ecumenical Temple
  6011 | D:7      | Reached XP level 10. HP: 73/73 MP: 0/0
  6357 | D:7      | Found a transporter.
  6439 | D:8      | Noticed Maggie
  6455 | D:8      | Killed Maggie
  6957 | D:8      | Found Itisoh's Weapon Emporium.
  6970 | D:8      | XOM: 4-stop teleportation journey
  7005 | D:8      | Found a glowing golden altar of the Shining One.
  7005 | D:8      | Found a glowing silver altar of Zin.
  7005 | D:8      | Found a white marble altar of Elyvilon.
  7264 | D:9      | Noticed a two-headed ogre
  7334 | D:9      | XOM: scenery: 1 doors close
  7444 | D:9      | XOM: scenery: 1 doors close
  7470 | D:9      | XOM: fake destruction
  7508 | D:9      | XOM: give mutations
  7508 | D:9      | Gained mutation: Your muscles are very strong. (Str +8,
                  | Int/Dex -2) [Xom's grace]
  7508 | D:9      | Gained mutation: You have a pair of small horns on your
                  | head. [Xom's grace]
  7508 | D:9      | Gained mutation: Your flesh is almost immune to the effects
                  | of heat. (rF+++) [Xom's grace]
  7529 | D:9      | XOM: summons friendly white imp
  7536 | D:9      | XOM: confuse monster(s)
  7615 | D:9      | XOM: divination: magic mapping
  7678 | D:9      | Noticed a two-headed ogre
  7682 | D:9      | Reached XP level 11. HP: 71/82 MP: 0/0
  7682 | D:9      | Learned a level 4 spell: Anguish
  7684 | D:9      | a two-headed ogre changed into a floating eye
  7684 | D:9      | XOM: polymorph two-headed ogre -> floating eye
  7686 | D:9      | Paralysed by a floating eye for 4 turns
  7715 | D:9      | Found an opulent altar of Gozag.
  8135 | D:9      | XOM: give mutations
  8135 | D:9      | Gained mutation: You are somewhat resistant to further
                  | mutation. [Xom's grace]
  8196 | D:9      | Found a hide-covered altar of Uskayaw.
  8199 | D:9      | Found an iron altar of Okawaru.
  8250 | D:9      | Killed a two-headed ogre
  8316 | D:10     | Entered Level 10 of the Dungeon
  8330 | D:10     | Found a transporter.
  8331 | D:10     | Noticed a two-headed ogre
  8331 | D:10     | Noticed fugger's ghost (journeyman MiBe)
  8365 | D:10     | XOM: enchant monster (good)
  8398 | D:10     | Identified the +10 dire flail of Charity {freeze, Dex+5}
  8398 | D:10     | Noticed a two-headed ogre
  8398 | D:10     | Noticed a two-headed ogre
  8402 | D:10     | Found a transporter.
  8402 | D:10     | Noticed a two-headed ogre
  8486 | D:10     | Found a staircase to the Orcish Mines.
  8514 | D:10     | Noticed Joseph
  8519 | D:10     | XOM: enchant monster (good)
  8645 | D:10     | XOM: divination: magic mapping
  8646 | D:10     | Noticed Josephine
  8728 | D:10     | Killed Joseph
  8732 | D:10     | XOM: god gift: glowing morningstar {god gift}
  8738 | D:10     | XOM: polymorph hound -> worm
  8777 | D:9      | XOM: give mutations
  8777 | D:9      | Gained mutation: Your skin changes colour to match your
                  | surroundings (Stealth+). [Xom's grace]
  8777 | D:9      | Gained mutation: You are partially covered in iridescent
                  | scales. (AC +2) [Xom's grace]
  8952 | D:10     | XOM: summons 5 friendly demons
  8957 | D:10     | XOM: polymorph white imp -> crimson imp
  8968 | D:10     | XOM: divination: detect items
  9098 | D:10     | XOM: give mutations
  9098 | D:10     | Gained mutation: Your natural rate of healing is unusually
                  | fast. [Xom's grace]
  9098 | D:10     | Lost mutation: [You have an uncontrollable temper.] [Xom's
                  | grace]
  9247 | D:10     | Killed Josephine
  9248 | D:10     | Reached skill level 10 in Spellcasting
  9300 | D:11     | Found Duyck's Assorted Antiques.
  9312 | D:11     | Noticed Urug
  9381 | D:11     | XOM: chaos upgrade
  9394 | D:11     | Reached skill level 10 in Fighting
  9396 | D:11     | Found a sparkling altar of Nemelex Xobeh.
  9551 | D:11     | XOM: cloud trail
  9585 | D:11     | Noticed Grum
  9586 | D:11     | XOM: god gift: 29 gold pieces
  9599 | D:11     | XOM: fake destruction
  9610 | D:11     | Grum changed into Grum the howler monkey
  9610 | D:11     | Noticed Grum
  9610 | D:11     | XOM: polymorph Grum -> Grum the howler monkey
  9613 | D:11     | Killed Grum the howler monkey
  9667 | D:11     | Found a staircase to the Lair.
  9671 | D:11     | Reached XP level 12. HP: 91/91 MP: 0/0
  9672 | D:11     | XOM: enchant monster (good)
  9679 | D:11     | XOM: polymorph black bear -> warg
  9777 | Orc:1    | Entered Level 1 of the Orcish Mines
  9777 | Orc:1    | Noticed an orc warlord
  9777 | Orc:1    | XOM: cleaving
  9834 | Orc:1    | Reached skill level 5 in Shields
  9855 | Orc:1    | XOM: 8-stop teleportation journey
  9873 | Orc:1    | XOM: give mutation
  9873 | Orc:1    | Gained mutation: You are agile. (Dex +4, Str/Int -1) [Xom's
                  | grace]
  9897 | Orc:1    | Found Vushosyh's Magic Scroll Emporium.
  9916 | Orc:1    | Bought a scroll of poison for 68 gold pieces
  9916 | Orc:1    | Bought a scroll of enchant weapon for 127 gold pieces
 10034 | Orc:2    | Entered Level 2 of the Orcish Mines
 10034 | Orc:2    | Found a staircase to the Elven Halls.
 10040 | Orc:2    | XOM: scenery: summon butterflies
 10072 | Orc:2    | XOM: 5-stop teleportation journey
 10113 | Orc:2    | XOM: divination: magic mapping
 10131 | Orc:2    | Noticed an orc warlord
 10145 | Orc:2    | XOM: cleaving
 10254 | Orc:1    | XOM: polymorph hound -> worm
 10256 | Orc:1    | XOM: enchant monster (good)
 10264 | Orc:1    | Killed an orc warlord
 10264 | Orc:1    | XOM: divine lightning
 10293 | Orc:1    | XOM: 1-stop teleportation journey
 10587 | Orc:1    | XOM: noise
 10793 | D:11     | Bought 3 scrolls of enchant armour for 697 gold pieces
 10893 | Orc:1    | XOM: butterfly on damage
 10911 | Orc:1    | Killed an orc warlord
 10926 | Orc:1    | XOM: potion effect (curing)
 10927 | Orc:1    | XOM: chaos cloud
 10936 | D:10     | XOM: blink monster(s)
 10962 | D:10     | Reached skill level 5 in Armour
 11047 | Orc:2    | a glowing shapeshifter changed into a spark wasp
 11047 | Orc:2    | Noticed a spark wasp (glowing shapeshifter)
 11048 | Orc:2    | a spark wasp changed into an ettin
 11048 | Orc:2    | Noticed an ettin (glowing shapeshifter)
 11049 | Orc:2    | an ettin changed into a fire dragon
 11049 | Orc:2    | Noticed a fire dragon (glowing shapeshifter)
 11068 | Orc:2    | a fire dragon changed into a tyrant leech
 11073 | Orc:2    | a tyrant leech changed into an ice dragon
 11073 | Orc:2    | Noticed an ice dragon (glowing shapeshifter)
 11075 | Orc:2    | an ice dragon changed into a tyrant leech
 11078 | Orc:2    | XOM: enchant monster (bad)
 11080 | Orc:2    | XOM: polymorph wolf -> swamp drake
 11086 | Orc:2    | XOM: enchant monster (bad)
 11091 | Orc:2    | XOM: stat loss: -1 Int (14/15)
 11101 | Orc:2    | XOM: summons 2 hostile demons
 11154 | Orc:2    | Found a bloodstained altar of Trog.
 11225 | Orc:2    | XOM: summons 1 hostile demon
 11426 | Orc:2    | XOM: confusion
 11483 | Orc:2    | Found Tuetwynn's General Store.
 11487 | Orc:2    | Found Fysu's Magic Scroll Boutique.
 11494 | Orc:2    | Reached XP level 13. HP: 86/99 MP: 0/0
 11494 | Orc:2    | Learned a level 5 spell: Metabolic Englaciation
 11548 | Orc:2    | Bought a scroll of fog for 40 gold pieces
 11550 | Orc:2    | Bought a scroll of noise for 15 gold pieces
 11594 | Orc:2    | XOM: polymorph orc high priest -> alligator
 11624 | Orc:2    | XOM: cleaving
 11632 | Orc:1    | XOM: confusion
 11650 | Orc:2    | XOM: torment (51/99 hp)
 11696 | Orc:2    | XOM: enchant monster (bad)
 11708 | Orc:2    | XOM: summons friendly shadow imp
 11766 | Orc:2    | Noticed a demonspawn
 11768 | Orc:2    | XOM: summons friendly white imp
 11818 | Orc:1    | XOM: polymorph orc warrior -> hound
 11859 | Orc:1    | XOM: confusion (+ monsters)
 11947 | Orc:2    | XOM: chaos upgrade
 12024 | Orc:2    | XOM: torment (51/100 hp)
 12078 | Orc:2    | XOM: stat loss: -1 Dex (15/16)
 12139 | Orc:2    | XOM: polymorph wolf -> naga
 12140 | Orc:2    | Noticed a demonspawn
 12141 | Orc:2    | XOM: cast spell 'Metabolic Englaciation'
 12142 | Orc:2    | Noticed a demonspawn
 12212 | Orc:1    | Killed a demonspawn
 12226 | Orc:1    | Killed a demonspawn
 12352 | Orc:2    | Killed a demonspawn
 12356 | Orc:2    | Found Pojuagroith's Book Emporium.
 12356 | Orc:2    | Found a one-way gate leading to the halls of Pandemonium.
 12356 | Orc:2    | Found Verphuoto's Antique Armour Shoppe.
 12452 | Orc:1    | Bought a scroll of torment for 161 gold pieces
 12573 | D:7      | Identified the +7 chain mail of Ashenzari's Esteem {Int+6}
 12580 | D:7      | XOM: silly message
 12584 | D:7      | Killed BigFatTexta's ghost
 12700 | D:10     | XOM: divination: detect creatures
 12714 | D:10     | Killed fugger's ghost
 12715 | D:10     | Reached XP level 14. HP: 32/107 MP: 0/0
 12717 | D:10     | XOM: smoke on damage
 12719 | D:10     | XOM: divination: detect creatures
 12786 | D:11     | Killed Urug
 12943 | D:11     | Noticed Harold
 12956 | D:11     | XOM: potion effect (invisibility)
 12963 | D:11     | Killed Harold
 12994 | D:11     | Found Yzaph's Jewellery Boutique.
 13028 | D:11     | XOM: silly message
 13030 | D:11     | Found Apyppiss's Jewellery Shoppe.
 13055 | D:11     | XOM: silly message
 13086 | D:11     | XOM: noise
 13114 | D:11     | Found Tankim's Book Shop.
 13135 | D:11     | XOM: polymorph troll -> salamander
 13442 | D:12     | XOM: polymorph cyclops -> shapeshifter
 13494 | Lair:1   | Entered Level 1 of the Lair of Beasts
 13506 | Lair:1   | XOM: stat loss: -1 Dex (15/16)
 13568 | Lair:1   | Reached skill level 10 in Dodging
 13727 | Lair:1   | XOM: give mutation
 13727 | Lair:1   | Lost mutation: You are agile. (Dex +4, Str/Int -1) [Xom's
                  | mischief]
 13841 | Lair:1   | XOM: summons 2 hostile demons
 13947 | Lair:1   | XOM: noise
 14037 | Lair:1   | XOM: polymorph wolf -> jelly
 14201 | Lair:2   | Found a staircase to the Shoals.
 14319 | Lair:2   | XOM: cast spell 'Summon Small Mammal'
 14320 | Lair:2   | XOM: cast spell 'Statue Form'
 14324 | Lair:2   | XOM: noise
 14330 | Lair:2   | XOM: 2-stop teleportation journey
 14497 | Lair:2   | XOM: torment (55/108 hp)
 14905 | Lair:2   | XOM: give mutations
 14905 | Lair:2   | Lost mutation: Your natural rate of healing is unusually
                  | fast. [Xom's mischief]
 14905 | Lair:2   | Lost mutation: [You sometimes lose your temper in combat.]
                  | [Xom's mischief]
 14905 | Lair:2   | Lost mutation: Your skin changes colour to match your
                  | surroundings (Stealth+). [Xom's mischief]
 14905 | Lair:2   | Gained mutation: [You sometimes lose your temper in
                  | combat.] [Xom's mischief]
 14934 | Lair:2   | XOM: cloud trail
 14950 | Lair:3   | Found a hole to the Spider Nest.
 14963 | Lair:3   | XOM: swap monsters
 15059 | Lair:3   | XOM: cast spell 'Leda's Liquefaction'
 15071 | Lair:3   | XOM: fog
 15166 | Lair:3   | XOM: 4-stop teleportation journey
 15234 | Lair:3   | XOM: fog
 15429 | Lair:3   | XOM: silly message
 15438 | Lair:3   | Reached skill level 5 in Maces & Flails
 15695 | Lair:3   | XOM: god gift: 327 gold pieces
 15857 | Lair:2   | XOM: give mutation
 15857 | Lair:2   | Gained mutation: You are mostly covered in large bone
                  | plates. (SH +6) [Xom's grace]
 15931 | D:11     | Bought the ring "Bimnoetuo" {rElec rPois rN+ Int+4} for 699
                  | gold pieces
 16043 | Lair:4   | XOM: cleaving
 16141 | Lair:4   | XOM: god gift: 52 gold pieces
 16649 | Lair:4   | XOM: scenery: create altars
 16782 | Lair:5   | Entered Level 5 of the Lair of Beasts
 16784 | Lair:5   | XOM: summons 14 friendly demons
 16796 | Lair:5   | XOM: enchant monster (good)
 16804 | Lair:5   | XOM: 2-stop teleportation journey
 16809 | Lair:5   | XOM: summons friendly iron imp
 16812 | Lair:5   | Reached XP level 15. HP: 108/115 MP: 0/0
 16812 | Lair:5   | Learned a level 6 spell: Simulacrum
 16833 | Lair:5   | XOM: summons friendly ufetubus
 16916 | Lair:5   | Reached skill level 1 in Throwing
 16948 | Lair:5   | Reached skill level 10 in Shields
 17180 | Lair:5   | Found a staircase to the Slime Pits.
 17181 | Lair:5   | Found a viscous altar of Jiyva.
 17372 | Lair:5   | XOM: swap monsters
 17394 | Lair:5   | XOM: swap monsters
 17432 | Lair:5   | Found a burning altar of Makhleb.
 17438 | Lair:5   | XOM: blink monster(s)
 17622 | Lair:5   | Found a gateway to Hell.
 17771 | Lair:5   | XOM: silly message
 17879 | Lair:5   | Identified the +1 leather armour "Odosio" {Str+2 Int+3}
 17951 | Lair:5   | XOM: scenery: summon butterflies
 18081 | D:11     | Bought an amulet of reflection for 450 gold pieces
 18097 | D:12     | XOM: confuse monster(s)
 18104 | D:12     | XOM: scenery: 2 doors open
 18210 | D:12     | XOM: polymorph meliai -> shapeshifter
 18596 | D:12     | XOM: stat loss: -1 Int (21/22)
 18616 | D:12     | XOM: god gift: staff of cold
 19225 | D:13     | XOM: noise
 19264 | D:13     | Found Sinaihell's Armour Emporium.
 19266 | D:13     | Noticed Nessos
 19267 | D:13     | Found a frozen archway.
 19275 | D:13     | Killed Nessos
 19300 | IceCv    | Entered an ice cave
 19511 | IceCv    | XOM: polymorph ice beast -> fire bat
 19528 | IceCv    | XOM: smoke on damage
 19670 | D:13     | XOM: enchant monster (bad)
 19692 | D:13     | Reached XP level 16. HP: 119/123 MP: 0/0
 19695 | D:13     | Found Fyehem's Antique Weapon Emporium.
 19741 | D:13     | Found Godyful's Distillery.
 19754 | D:13     | Bought a potion of heal wounds for 90 gold pieces
 19761 | D:13     | XOM: 4-stop teleportation journey
 19780 | D:13     | XOM: polymorph warg -> naga
 20298 | D:14     | Found a gate to the Vaults.
 20401 | D:14     | XOM: cast spell 'Summon Small Mammal'
 20468 | D:14     | XOM: cast spell 'Summon Small Mammal'
 20487 | D:14     | XOM: divination: detect creatures
 20536 | D:14     | Found Fotoeq's Assorted Antiques.
 20628 | D:14     | Noticed Azrael
 20682 | D:14     | XOM: 5-stop teleportation journey
 20705 | D:14     | You are sucked into a shaft and drop 1 floor!
 20705 | D:15     | Entered Level 15 of the Dungeon
 20754 | D:15     | XOM: enchant monster (bad)
 20901 | D:14     | XOM: butterfly on damage
 20902 | D:14     | XOM: confuse monster(s)
 20947 | D:14     | Killed Azrael
 21178 | D:15     | Found a staircase to the Depths.
 21312 | D:15     | XOM: god gift: great mace {god gift}
 21335 | D:15     | Found a blossoming altar of Fedhas.
 21451 | D:15     | XOM: cloud trail
 21562 | D:15     | XOM: 8-stop teleportation journey
 21690 | D:15     | XOM: polymorph wolf -> tengu
 21939 | D:11     | Bought the amulet "Ruchie" {Rampage *Slow Will+ Regen+} for
                  | 370 gold pieces
 22040 | Orc:2    | Bought a scroll of identify for 30 gold pieces
 22097 | Orc:1    | Bought a scroll of identify for 34 gold pieces
 22127 | Elf:1    | Entered Level 1 of the Elven Halls
 22154 | Elf:1    | XOM: 1-stop teleportation journey
 22181 | Elf:1    | Paralysed by an air elemental for 1 turns
 22183 | Elf:1    | Paralysed by an air elemental for 1 turns
 22202 | Elf:1    | XOM: divination: detect items
 22277 | Elf:1    | XOM: summons 7 hostile demons
 22298 | Elf:1    | XOM: blink monster(s)
 22433 | Elf:1    | XOM: confusion
 22434 | Elf:1    | XOM: confuse monster(s)
 22475 | Elf:1    | XOM: polymorph warg -> shapeshifter
 22502 | Elf:1    | Found a runed translucent gate.
 22502 | Elf:1    | Noticed BigFatTexta's ghost (adept GrFi)
 22503 | Elf:1    | Found a runed translucent gate.
 22503 | Elf:1    | Found a runed translucent gate.
 22533 | Elf:1    | XOM: swap monsters
 22537 | Elf:1    | XOM: scenery: summon butterflies
 22668 | Elf:1    | XOM: give mutations
 22668 | Elf:1    | Lost mutation: Your flesh is almost immune to the effects
                  | of heat. (rF+++) [Xom's mischief]
 22668 | Elf:1    | Lost mutation: Your muscles are very strong. (Str +8,
                  | Int/Dex -2) [Xom's mischief]
 22717 | Elf:1    | Found Quoru's Jewellery Emporium.
 22723 | Elf:1    | XOM: scenery: create altars
 22871 | Elf:2    | XOM: cast spell 'Statue Form'
 22877 | Elf:2    | Reached XP level 17. HP: 130/130 MP: 0/0
 22877 | Elf:2    | Learned a level 7 spell: Enfeeble
 22957 | Elf:2    | XOM: summons 4 hostile shadow creatures
 22963 | Elf:2    | XOM: summons 1 hostile demon
 22976 | Elf:2    | XOM: polymorph deep elf zephyrmancer -> fire crab
 23062 | Elf:2    | XOM: 1-stop teleportation journey
 23063 | Elf:2    | XOM: swap monsters
 23065 | Elf:2    | XOM: summons 4 hostile shadow creatures
 23067 | Elf:2    | XOM: noise
 23070 | Elf:2    | Noticed a deep elf blademaster
 23086 | Elf:2    | XOM: confusion
 23096 | Elf:1    | XOM: chaos upgrade
 23132 | Elf:1    | XOM: summons 3 hostile shadow creatures
 23390 | Lair:2   | XOM: noise
 23417 | Spider:1 | Entered Level 1 of the Spider Nest
 23417 | Spider:1 | Noticed Agnes
 23435 | Lair:3   | XOM: summons 9 hostile demons
 23437 | Lair:3   | Xom revived you
 23493 | Shoals:1 | Entered Level 1 of the Shoals
 23510 | Shoals:1 | XOM: polymorph merfolk impaler -> quicksilver ooze
 23514 | Shoals:1 | XOM: chaos upgrade
 23577 | Shoals:1 | XOM: enchant monster (bad)
 23589 | Shoals:1 | XOM: summons friendly crimson imp
 23593 | Shoals:1 | XOM: cast spell 'Summon Ice Beast'
 23652 | Shoals:1 | XOM: enchant monster (bad)
 23675 | Shoals:1 | XOM: 1-stop teleportation journey
 23691 | Shoals:1 | XOM: enchant monster (bad)
 23800 | Shoals:1 | You are sucked into a shaft and drop 1 floor!
 23800 | Shoals:2 | Noticed Polyphemus
 23818 | Shoals:1 | Reached skill level 15 in Fighting
 23879 | Shoals:2 | XOM: confuse monster(s)
 23886 | Shoals:1 | XOM: potion effect (haste)
 23913 | Shoals:1 | Killed Polyphemus
 23938 | Shoals:2 | XOM: summons 9 hostile demons
 24019 | Shoals:1 | Found Qaofuih's Antique Armour Emporium.
 24021 | Shoals:1 | XOM: 1-stop teleportation journey
 24449 | Shoals:1 | Noticed a kraken
 24476 | Shoals:2 | XOM: destruction
 24504 | Shoals:2 | Noticed Nikola
 24516 | Shoals:2 | Killed Nikola
 24529 | Shoals:2 | XOM: enchant monster (bad)
 24532 | Shoals:2 | XOM: silly message
 24546 | Shoals:1 | XOM: cleaving
 24550 | Shoals:1 | XOM: confusion (+ monsters)
 24553 | Shoals:1 | XOM: potion effect (brilliance)
 24629 | Shoals:2 | XOM: divination: magic mapping
 24658 | Shoals:2 | XOM: confuse monster(s)
 24794 | Shoals:2 | XOM: enchant monster (good)
 24806 | Shoals:2 | Noticed Ilsuiw
 24864 | Shoals:2 | XOM: cloud trail
 24873 | Shoals:2 | XOM: god gift: potion of haste
 24987 | Shoals:2 | XOM: enchant monster (good)
 25092 | Shoals:2 | XOM: divination: detect items
 25223 | Shoals:2 | Reached skill level 10 in Maces & Flails
 25263 | Shoals:2 | XOM: cast spell 'Summon Cactus Giant'
 25285 | Shoals:2 | XOM: divination: magic mapping
 25306 | Shoals:2 | Killed Ilsuiw
 25324 | Shoals:2 | XOM: fog
 25331 | Shoals:2 | XOM: polymorph merfolk impaler -> wolf spider
 25464 | Shoals:2 | Found Voerun's Visitors' Centre.
 25464 | Shoals:2 | Found Voerun's Merfolk Magic.
 25469 | Shoals:2 | Found Voerun's Merfolk Weapons.
 25469 | Shoals:2 | Found Voerun's Merfolk Armours.
 25492 | Shoals:2 | Bought a +0 pair of gloves of dexterity for 218 gold pieces
 25566 | Shoals:2 | Noticed a kraken
 25588 | Shoals:2 | XOM: polymorph kraken -> kraken
 25599 | Shoals:2 | Killed a kraken
 25637 | Shoals:2 | Found Qasaur's Armour Shop.
 25651 | Shoals:2 | XOM: summons 1 hostile demon
 25696 | Shoals:2 | XOM: stat loss: -1 Int (22/23)
 25804 | Shoals:3 | Noticed a kraken
 25952 | Shoals:3 | XOM: swap monsters
 25966 | Shoals:3 | Killed a kraken
 26128 | Shoals:3 | Identified the +5 scale mail of Mujojez {Will- Str-4 Dex+6
                  | SInv}
 26356 | Shoals:3 | Reached XP level 18. HP: 138/138 MP: 0/0
 26527 | Shoals:3 | XOM: noise
 26559 | Shoals:4 | Entered Level 4 of the Shoals
 26720 | Shoals:4 | XOM: enchant monster (bad)
 26728 | Shoals:4 | XOM: chaos upgrade
 26729 | Shoals:4 | Reached skill level 15 in Spellcasting
 26749 | Shoals:4 | Noticed a kraken
 26753 | Shoals:4 | XOM: cast spell 'Disjunction'
 26781 | Shoals:4 | Got a barnacled rune of Zot
 26900 | Shoals:4 | Identified the +2 flail "Vucuiq" {freeze, Will+ Str+5}
 26943 | Shoals:4 | XOM: stat loss: -1 Str (14/15)
 27131 | Shoals:4 | XOM: 1-stop teleportation journey
 27220 | Shoals:4 | Killed a kraken
 27450 | Shoals:4 | Identified the +1 cloak of the Crushed Lies {Str+5}
 27485 | Shoals:4 | XOM: summons 4 hostile shadow creatures
 27596 | Shoals:1 | XOM: silly message
 27598 | Shoals:1 | XOM: swap monsters
 27618 | Shoals:1 | Killed a kraken
 27871 | Spider:1 | XOM: repel stairs
 27914 | Spider:1 | XOM: noise
 27992 | Spider:1 | Identified Roxanne's Opusculum on Composition
 27992 | Spider:1 | Noticed Roxanne
 28004 | Spider:1 | Killed Roxanne
 28101 | Spider:1 | Noticed Louise
 28109 | Spider:1 | Killed Louise
 28342 | Spider:1 | XOM: enchant monster (bad)
 28352 | Spider:1 | Reached XP level 19. HP: 120/145 MP: 0/0
 28352 | Spider:1 | Learned a level 6 spell: Dispersal
 28410 | Spider:1 | XOM: scenery: summon butterflies
 28686 | Spider:2 | XOM: noise
 28691 | Spider:2 | Noticed Frances
 28692 | Spider:2 | Noticed Donald
 28698 | Spider:2 | XOM: summons 1 hostile shadow creature
 28708 | Spider:2 | XOM: polymorph jumping spider -> culicivora
 28722 | Spider:2 | XOM: give mutations
 28722 | Spider:2 | Gained mutation: [You have an uncontrollable temper.]
                  | [Xom's mischief]
 28722 | Spider:2 | Lost mutation: [You have an uncontrollable temper.] [Xom's
                  | mischief]
 28722 | Spider:2 | Gained mutation: [Armour fits poorly on your strangely
                  | shaped body.] [Xom's mischief]
 28722 | Spider:2 | Lost mutation: [Armour fits poorly on your strangely shaped
                  | body.] [Xom's mischief]
 28911 | Vaults:1 | Entered Level 1 of the Vaults
 28978 | Vaults:1 | XOM: enchant monster (good)
 29142 | Vaults:1 | Identified a scroll of acquirement
 29191 | Vaults:1 | XOM: enchant monster (bad)
 29206 | Vaults:1 | XOM: smoke on damage
 29234 | Vaults:1 | XOM: scenery: create altars
 29242 | D:14     | XOM: enchant monster (good)
 29442 | Shoals:1 | Bought a turquoise-encrusted scale mail for 279 gold pieces
 29442 | Shoals:1 | Identified the +10 scale mail of the Scribe {rPois Regen+
                  | Dex+3 SInv} (You bought it in a shop on level 1 of the
                  | Shoals)
 29843 | Elf:2    | XOM: divination: magic mapping
 29945 | Elf:2    | XOM: potion effect (brilliance)
 29953 | Elf:2    | XOM: divination: detect items
 30076 | Elf:2    | XOM: 1-stop teleportation journey
 30088 | Elf:2    | Found a runed translucent gate.
 30089 | Elf:2    | Found a runed translucent gate.
 30093 | Elf:2    | Found a runed translucent gate.
 30098 | Elf:2    | XOM: potion effect (attraction)
 30139 | Elf:2    | XOM: potion effect (brilliance)
 30183 | Elf:2    | XOM: potion effect (berserk rage)
 30243 | Elf:2    | XOM: potion effect (haste)
 30262 | Elf:2    | XOM: noise
 30271 | Elf:2    | XOM: cast spell 'Olgreb's Toxic Radiance'
 30274 | Elf:2    | Killed a deep elf blademaster
 30287 | Abyss:3  | Cast into level 3 of the Abyss (+2 dire flail of
                  | distortion)
 30330 | Abyss:3  | Found a corrupted altar of Lugonu.
 30407 | Abyss:3  | XOM: potion effect (haste)
 30496 | Abyss:3  | XOM: potion effect (brilliance)
 30505 | Abyss:3  | XOM: smoke on damage
 30530 | Abyss:3  | XOM: polymorph warg -> scorpion
 30536 | Abyss:3  | XOM: enchant monster (bad)
 30553 | Abyss:3  | XOM: blink monster(s)
 30568 | Abyss:3  | Noticed a lich
 30573 | Abyss:3  | Got an abyssal rune of Zot
 30585 | Abyss:3  | HP: 2/102 [small abomination (8)]
 30603 | Elf:2    | Escaped the Abyss
 30603 | Elf:2    | XOM: swap monsters
 30614 | Elf:2    | HP: 3/102 [+4 lajatang of distortion (17)]
 30614 | Elf:2    | Slain by a +4 lajatang of distortion

Illustrated notes

Levels and vault maps discovered:
D:1:      dpeg_arrival_simpleton_c, layout_basic, nicolae_shop_vocational
D:2:      layout_rooms, serial_rivers, chequers_serial_rivers_micro_a,
          chequers_serial_rivers_large_b, chequers_serial_rivers_micro_b,
          chequers_serial_rivers_micro_a, chequers_serial_rivers_micro_c,
          uniq_terence
D:3:      layout_basic, cheibrodos_sewer_entry_drain,
          shapermc_ecumenical_altar_flowoftime
D:4:      layout_rooms, uniq_blork_the_orc
D:5:      layout_basic, grunt_qazlal_clouds, minmay_manual_monstrance
D:6:      layout_basic, lemuel_coloured_pillars_altar
D:7:      layout_loops_ring, minmay_temple_entry_hall,
          gammafunk_ghost_abyssal_escape
D:8:      layout_layer_cave, dreamdust_divine_triumvirate, serial_shops, shop,
          uniq_maggie
D:9:      layout_basic, nicolae_overflow_hallway_of_the_gods
D:10:     layout_small_grid, zombieorc2_lemuel, gammafunk_ghost_smash,
          chequers_serial_rivers_micro_a, uniq_josephine, uniq_joseph
D:11:     layout_loops_corners, due_lair_maze_entry_diamond, serial_shops,
          nicolae_shop_hallway_plus, nicolae_shop_just_a_little_nook, shop,
          shop, nemelex_diamond_rough_becter, uniq_harold, uniq_urug, uniq_grum
D:12:     layout_basic, drop_trap, st_stairs_4, minivault_7
D:13:     layout_roguey, serial_shops, nicolae_shop_peninsula, shop,
          nicolae_shop_window_shopping, portal_ice_cave_entry_pillars_1,
          kennysheep_generic_room_13, uniq_nessos
D:14:     layout_basic, david_vaults_2, minmay_misc_feat_x, serial_shops, shop,
          minmay_unpleasant_kobolds, uniq_azrael
D:15:     grunt_enter_depths_giant_problem, layout_loops_cross, minivault_14,
          fedhas_altar_2
Temple:   hc_temple_tempest_star
Lair:1:   layout_roguey, serial_bayou_pond_a
Lair:2:   beargit_carnivore_pack, layout_regular_city,
          minmay_shoals_entry_centaurs, infiniplex_staircase_pool_2
Lair:3:   layout_chaotic_city, spider_nest_entry_webs, st_stairs_7,
          nicolae_lair_lil_pond, serial_bayou_lake_a
Lair:4:   layout_regular_city, grunt_megastairs_4
Lair:5:   evil_forest, layout_regular_city, slime_entry_1,
          grunt_forest_large_clearing_hut
Shoals:1: layout_shoals, serial_shops, nicolae_shop_statue_plus
Shoals:2: nicolae_shoals_mermall, layout_shoals, serial_shops, shop,
          uniq_polyphemus, uniq_nikola, uniq_ilsuiw
Shoals:3: layout_shoals
Shoals:4: shoals_end_simple, layout_shoals
Spider:1: layout_spider_delve, hellmonk_narrow_tunnel, uniq_agnes, uniq_louise,
          uniq_roxanne
Spider:2: layout_spider_delve, uniq_donald, uniq_asterion, uniq_frances
Orc:1:    layout_caves, serial_shops, shop, nicolae_orc_lava_tube
Orc:2:    pf_orc_diabolical, layout_caves, basic_altar
Elf:1:    layout_loops_ring, serial_shops, shop, ebering_ghost_rock_garden,
          minmay_elf_sorcery, lemuel_upstairs_altar
Elf:2:    nicolae_elf_blades_splatter_lattice [nicolae_blade_entry_antechamber],
          layout_rooms
Vaults:1: hangedman_vaults_hard_town_square, nicolae_vaults_house_1,
          nicolae_vaults_wrenched, nicolae_vaults_little_squares_1, v_misc_23,
          nicolae_vaults_closet_pinwheel_4,
          vaults_room_grunt_arrival_checkpoint, ontoclasm_vaults_idyll,
          nicolae_vaults_storage_closets_1, nicolae_vaults_little_ls, v_misc_14,
          nicolae_vaults_layer_cake_slice, grunt_vaults_funnel,
          layout_vaults_omnibox, serial_shops, nicolae_shop_overgrown_old_shop,
          shop, nicolae_lakefront_shop

Skill      XL: |  1  2  3  4  5  6  7  8  9 10 11 12 13 14 15 16 17 18 19 |
---------------+----------------------------------------------------------+-----
Maces & Flails | 3 4 5 7 9 10 11 | 11.8
Spellcasting   | 1 2 3 5 7 10 11 12 13 14 15 16 | 16.1
Fighting       | 4 5 6 8 10 11 12 13 14 15 16 | 16.6
Armour         | 2 3 4 5 6 7 |  7.0
Dodging        | 3 4 5 6 7 8 9 10 11 12 13 | 13.1
Stealth        | 1 2 3 4 |  4.9
Axes           | 2 |  2.9
Shields        | 1 3 4 6 8 9 10 11 12 13 | 13.5
Throwing       | 1 |  1.2
Evocations     | |  0.3

Action                     |  1- 3 |  4- 6 |  7- 9 | 10-12 | 13-15 | 16-18 | 19-21 || total
---------------------------+-------+-------+-------+-------+-------+-------+-------++-------
  Melee: Mace              |    55 |   219 |    33 |       |       |       |       ||   307
         Punch             |     1 |     3 |     8 |     1 |       |       |       ||    13
         Flail             |       |       |   149 |   235 |       |       |       ||   384
         Hand axe          |       |       |    86 |       |       |       |       ||    86
         Headbutt          |       |       |       |   107 |   212 |   382 |   121 ||   822
         Morningstar       |       |       |       |   317 |   208 |       |       ||   525
         Eveningstar       |       |       |       |       |   635 |  1300 |   387 ||  2322
  Throw: Dart              |       |     4 |       |     3 |     3 |       |       ||    10
         Boomerang         |       |       |       |       |     3 |     4 |       ||     7
   Cast: Call Canine Famil |       |       |    23 |    56 |    38 |    26 |     6 ||   149
         Hailstorm         |       |       |    17 |    91 |    58 |    63 |       ||   229
         Anguish           |       |       |       |    10 |    15 |     5 |     2 ||    32
         Metabolic Englaci |       |       |       |       |    25 |    16 |     7 ||    48
         Simulacrum        |       |       |       |       |    49 |   116 |    50 ||   215
         Enfeeble          |       |       |       |       |       |    16 |     6 ||    22
         Dispersal         |       |       |       |       |       |       |     2 ||     2
  Evoke: Wand              |       |       |       |       |     6 |       |       ||     6
         Lightning rod     |       |       |       |       |     2 |       |     4 ||     6
         Phantom mirror    |       |       |       |       |       |     1 |     1 ||     2
         Box of beasts     |       |       |       |       |       |       |     1 ||     1
    Use: Potion            |       |     1 |     2 |     2 |     4 |     5 |    18 ||    32
         Scroll            |       |       |     9 |     9 |    13 |    18 |     7 ||    56
   Stab: Sleeping          |       |     1 |       |     1 |     4 |     2 |     1 ||     9
         Distracted        |       |       |     1 |     4 |     4 |    10 |     5 ||    24
         Paralysed         |       |       |       |     4 |       |       |       ||     4
         Petrified         |       |       |       |     2 |       |       |       ||     2
         Petrifying        |       |       |       |     1 |       |       |       ||     1
         Confused          |       |       |       |     2 |     3 |     2 |       ||     7
         Invisible         |       |       |       |       |     2 |     9 |     2 ||    13
 Armour: Leather armour    |    17 |   109 |   110 |     8 |       |       |       ||   244
         Steam dragon scal |       |       |       |    42 |       |       |       ||    42
         Troll leather arm |       |       |       |   227 |   327 |   568 |   121 ||  1243
         Skin              |       |       |       |       |     7 |    11 |       ||    18
         Scale mail        |       |       |       |       |       |       |   110 ||   110
  Dodge: Dodged            |    32 |   175 |   200 |   384 |   658 |   898 |   377 ||  2724
  Block: Other             |       |       |    38 |     9 |       |       |       ||    47
         Kite shield       |       |       |       |   521 |   990 |  1638 |   529 ||  3678
         Reflection        |       |       |       |       |     9 |    14 |       ||    23
